Map: Overgrown Facility

Players

raynor

  • Race: Protoss Protoss
  • Spawn Location: 3:00

CONDEX

  • Race: Terran Terran
  • Spawn Location: 1:00

Seph - Winner!

  • Race: Zerg Zerg
  • Spawn Location: 7:00

gujoe - Winner!

  • Race: Protoss Protoss
  • League: Bronze
  • Spawn Location: 9:00

VOD

Have the link to the VOD?

Description

Time

  • Played on: Feb. 13, 2019, 8:39 p.m.
  • Length: 16:22
Show
View Real Time Build Order
Export as new Build Order

raynor Protoss 

Build Orders: 1 Gate Expand 

Get SALT Encoding   

  1  0:00  Probe  
  12  0:06  Probe  
  14  0:23  Pylon  
  14  0:26  Probe  
  15  0:39  Pylon  
  15  0:41  Probe  
  16  0:50  Gateway  
  16  0:54  Probe  
  17  1:03  Forge  
  17  1:11  Assimilator  
  17  1:36  Nexus  
  17  1:43  Zealot, Probe  
  20  1:56  Assimilator  
  20  1:59  Probe  
  21  2:11  Probe  
  22  2:17  Zealot  
  24  2:23  Pylon  
  24  2:28  Probe  
  25  2:41  Probe, Cybernetics Core  
  25  2:49  Probe  
  27  2:57  Pylon  
  27  2:59  Probe  
  27  3:03  Probe  
  29  3:07  Probe  
  30  3:17  Pylon  
  30  3:21  Stargate  
  30  3:26  Probe  
  31  3:36  Photon Cannon  
  31  3:38  Probe  
  32  3:44  Photon Cannon  
  32  3:46  Probe  
  32  3:54  Probe  
  33  3:55  Probe  
  35  4:07  Probe  
  36  4:12  Fleet Beacon  
  36  4:15  Probe  
  36  4:19  Probe  
  36  4:23  Probe  
  39  4:37  Photon Cannon  
  35  4:39  Photon Cannon  
  17  4:59  Photon Cannon  
  12  5:01  Probe  
  12  5:05  Photon Cannon  
  12  5:10  Probe  
  12  5:13  Probe  
  14  5:19  Probe  
  14  5:21  Probe  
  16  5:31  Probe  
  14  5:43  Probe  
  6  5:53  Photon Cannon  
  6  5:55  Probe  
  7  5:58  Probe  
  7  6:06  Probe  
  7  6:08  Probe  
  8  6:20  Probe  
  8  6:28  Probe  
  9  6:53  Probe  
  10  7:05  Probe  
  11  7:12  Pylon  
  11  7:13  Probe  
  11  7:21  Probe  
  13  7:32  Probe  
  14  7:39  Photon Cannon  
  14  7:42  Photon Cannon  
  14  7:56  Probe  
  15  8:06  Probe  
  15  8:10  Photon Cannon  
  16  8:14  Probe  
  17  8:24  Photon Cannon  
  17  8:36  Probe  
  18  8:52  Nexus  
  18  9:00  Assimilator  
  18  9:05  Assimilator  
  18  9:25  Probe  
  19  9:39  Photon Cannon  
  19  9:42  Photon Cannon  
  19  9:46  Photon Cannon  
  19  10:25  Photon Cannon  
  19  10:30  Photon Cannon  
  19  10:37  Photon Cannon  
  19  10:43  Probe  
  19  10:45  Pylon  
  20  10:51  Probe  
  21  11:01  Probe  
  22  11:15  Probe  
  22  11:23  Probe  
  23  11:31  Pylon  
  24  11:33  Probe  
  24  11:35  Photon Cannon  
  24  11:38  Photon Cannon  
  25  11:45  Probe  
  26  11:57  Probe  
  27  12:09  Probe  
  28  12:21  Probe  
  29  12:32  Pylon  
  29  12:33  Probe  
  30  12:38  Pylon  
  30  12:42  Pylon  
  30  13:01  Stargate  
  30  13:06  Stargate  
  30  13:08  Photon Cannon  
  30  13:14  Photon Cannon  
  24  13:53  Fleet Beacon  
  24  13:55  Probe  
  25  14:08  Probe  
  26  14:10  Probe  
  27  14:18  Photon Cannon  
  27  14:19  Photon Cannon  
  27  14:22  Probe  
  28  14:26  Photon Cannon  
  28  14:30  Tempest  
  28  14:31  Tempest  
  28  14:34  Probe  
  39  14:46  Probe  
  40  14:58  Probe  
  41  15:05  Nexus  
  41  15:08  Assimilator  
  41  15:13  Assimilator  
Show
View Real Time Build Order
Export as new Build Order

CONDEX Terran 

Build Orders:  

Get SALT Encoding   

  12  0:02  SCV  
  13  0:24  Supply Depot  
  13  0:26  SCV  
  14  0:50  Barracks  
  14  0:54  SCV  
  15  0:58  Supply Depot  
  15  1:06  SCV  
  15  1:07  Refinery  
  16  1:38  SCV  
  17  1:50  SCV  
  17  1:53  Barracks  
  18  2:02  SCV  
  19  2:09  Engineering Bay  
  19  2:14  Marine  
  20  2:18  SCV  
  21  2:30  SCV  
  21  2:32  Marine  
  23  2:44  Refinery  
  23  2:45  Supply Depot  
  23  2:48  Marine  
  24  2:55  Hi-Sec Auto Tracking  
  24  2:57  SCV  
  25  3:06  Marine  
  25  3:09  SCV  
  27  3:22  Reaper  
  27  3:24  Reaper  
  29  3:33  Bunker  
  29  3:45  SCV  
  30  3:57  SCV  
  31  4:07  Supply Depot  
  31  4:20  Marine  
  31  4:21  Marine  
  31  4:22  Command Center  
  33  4:25  Bunker  
  33  4:38  Marine  
  33  4:42  Marine  
  35  4:51  Factory  
  35  4:56  Marine  
  35  4:59  Marine  
  37  5:38  Reaper  
  37  5:39  Reaper  
  39  5:46  Starport  
  39  5:48  Factory Tech Lab  
  39  5:57  Factory Tech Lab  
  39  6:10  Reaper  
  39  6:11  Reaper  
  41  6:21  SCV  
  42  6:28  Starport Tech Lab  
  42  6:33  SCV  
  42  6:36  Fusion Core  
  43  6:41  Siege Tank  
  43  6:45  SCV  
  47  6:57  SCV  
  48  7:07  Reaper  
  48  7:08  Reaper  
  50  7:09  SCV  
  50  7:13  Siege Tank  
  54  7:31  SCV  
  54  7:37  Refinery  
  55  7:39  Reaper  
  55  7:40  Reaper  
  55  7:43  SCV  
  58  7:46  Siege Tank  
  61  7:55  SCV  
  62  7:59  Starport  
  62  8:21  Supply Depot  
  62  8:29  Refinery  
  62  8:42  Reaper x2, SCV x2, Starport Tech Lab  
  62  8:46  Armory  
  66  8:54  SCV  
  67  8:57  Supply Depot  
  67  9:07  SCV  
  68  9:14  Reaper  
  69  9:19  SCV  
  70  9:27  Starport  
  70  9:31  SCV  
  71  9:39  Supply Depot  
  71  9:43  SCV  
  72  9:46  Missile Turret  
  72  9:55  SCV  
  73  10:02  Battlecruiser  
  73  10:03  Battlecruiser  
  85  10:07  SCV  
  86  10:16  Missile Turret  
  86  10:40  Supply Depot  
  86  11:02  Thor  
  92  11:49  Missile Turret  
  92  11:55  Missile Turret  
  92  12:24  Missile Turret  
  92  12:27  Missile Turret  
  92  12:31  Starport Tech Lab  
  92  12:43  Command Center  
  92  13:06  Refinery  
  92  13:09  Refinery  
  92  13:19  Thor  
  94  13:36  Factory  
  94  13:55  Battlecruiser x2  
  106  14:02  Siege Tank  
  104  14:32  Battlecruiser  
  104  14:35  Siege Tank  
  104  14:37  Supply Depot  
  87  14:59  Battlecruiser x2  
  102  15:07  Siege Tank  
Show
View Real Time Build Order
Export as new Build Order

Seph Zerg - Winner!

Build Orders: Pool First, Swarm Host 

Get SALT Encoding   

  12  0:02  Drone  
  13  0:10  Drone  
  14  0:17  Overlord  
  14  0:37  Drone x2  
  16  0:45  Spawning Pool  
  16  0:46  Drone  
  16  0:52  Extractor  
  16  0:56  Drone  
  16  1:08  Drone  
  17  1:20  Drone  
  18  1:29  Drone  
  19  1:34  Queen  
  21  1:46  Drone  
  22  1:55  Overlord  
  22  2:08  Hatchery  
  21  2:23  Zergling x4, Extractor  
  21  2:29  Metabolic Boost  
  22  2:38  Drone  
  23  2:49  Zergling x2  
  23  2:50  Zergling x6  
  27  2:57  Lair  
  27  3:02  Drone  
  28  3:14  Drone  
  29  3:25  Queen  
  29  3:26  Drone  
  30  3:36  Zergling x8  
  34  3:48  Drone x2  
  36  4:08  Evolution Chamber  
  35  4:11  Drone  
  35  4:13  Overlord  
  34  4:50  Zergling x6  
  34  4:51  Zergling x8  
  35  5:31  Lair  
  32  5:50  Zerg Melee Weapons Level 1  
  32  6:08  Infestation Pit, Drone x3  
  32  6:09  Drone  
  35  6:12  Drone x2  
  35  6:13  Drone x3  
  39  6:50  Swarm Host  
  42  6:54  Overlord x5  
  42  6:55  Overlord x3  
  42  7:11  Evolution Chamber  
  41  7:26  Burrow  
  39  8:05  Pneumatized Carapace  
  38  8:12  Zerg Ground Armor Level 1  
  38  8:13  Zerg Missile Weapons Level 1  
  38  8:19  Swarm Host x6  
  50  8:20  Swarm Host x4  
  68  8:32  Overseer  
  68  8:44  Zergling x12  
  68  8:45  Zergling x10  
  79  8:57  Extractor  
  79  8:58  Drone x2  
  79  8:59  Drone  
  79  9:01  Drone  
  82  9:04  Hive  
  71  10:35  Zerg Ground Armor Level 2  
  71  10:36  Zerg Missile Weapons Level 2  
  71  10:45  Infestor x4  
  79  11:07  Zergling x8  
  79  11:08  Zergling x12  
  79  11:10  Zergling x2  
  80  12:05  Hatchery  
  79  12:34  Swarm Host x3  
  88  12:38  Swarm Host x4  
  88  12:39  Swarm Host x2  
  105  13:26  Overseer  
  105  14:00  Overseer  
  99  15:27  Zergling x12  
  99  15:28  Zergling x12  
Show
View Real Time Build Order
Export as new Build Order

gujoe Protoss - Winner!

Build Orders:  

Get SALT Encoding   

  12  0:03  Probe  
  13  0:15  Probe  
  14  0:27  Probe  
  15  0:37  Pylon  
  15  0:42  Assimilator  
  15  0:55  Probe  
  16  1:00  Gateway  
  16  1:07  Probe  
  16  1:11  Forge  
  17  1:14  Assimilator  
  17  1:19  Probe  
  18  1:30  Probe  
  19  1:38  Probe  
  19  1:46  Probe  
  21  1:56  Cybernetics Core  
  21  1:57  Probe  
  21  1:59  Pylon  
  22  2:09  Probe  
  23  2:28  Zealot  
  25  2:38  Protoss Air Weapons Level 1  
  25  2:44  Stargate  
  25  2:46  Stargate  
  25  2:56  Nexus  
  25  3:11  Protoss Shields Level 1  
  25  4:15  Void Ray x2  
  33  4:22  Probe  
  34  4:27  Assimilator  
  34  4:32  Warp Gate  
  34  4:34  Probe  
  34  4:35  Assimilator  
  35  4:38  Pylon  
  35  4:46  Probe  
  36  4:57  Stargate  
  36  4:58  Probe  
  37  5:10  Probe  
  38  5:23  Probe  
  38  5:25  Void Ray  
  38  5:26  Void Ray  
  47  5:35  Probe  
  48  5:47  Probe  
  48  5:48  Void Ray  
  53  5:55  Probe  
  54  6:08  Nexus  
  54  6:12  Protoss Air Armor Level 1  
  54  6:16  Pylon  
  54  6:18  Pylon  
  54  6:34  Probe  
  55  6:46  Probe  
  56  6:47  Fleet Beacon  
  56  6:58  Probe  
  57  7:08  Assimilator  
  57  7:10  Probe  
  57  7:12  Assimilator  
  57  7:14  Photon Cannon  
  58  7:23  Probe  
  58  7:24  Probe  
  60  7:33  Probe  
  60  7:35  Probe  
  62  7:42  Probe  
  62  7:50  Tempest  
  68  7:51  Tempest  
  68  7:54  Probe  
  68  7:56  Void Ray  
  78  8:06  Probe  
  79  8:19  Probe  
  80  8:22  Mothership  
  80  8:24  Pylon  
  80  8:27  Pylon  
  80  8:29  Probe  
  80  8:31  Probe  
  82  8:42  Probe  
  82  8:43  Probe  
  82  8:47  Void Ray  
  96  8:54  Probe  
  96  8:55  Probe  
  98  9:06  Probe  
  98  9:07  Probe  
  100  9:19  Probe  
  101  9:35  Photon Cannon  
  101  9:39  Pylon  
  101  9:40  Pylon  
  101  9:42  Pylon  
  101  9:46  Pylon  
  101  9:47  Void Ray  
  101  9:48  Void Ray x2  
  113  10:06  Pylon  
  113  10:07  Pylon  
  113  10:10  Pylon  
  113  10:30  Void Ray x2  
  113  10:31  Void Ray  
  125  10:40  Stargate  
  125  10:42  Stargate  
  125  10:46  Stargate  
  125  10:49  Pylon  
  125  10:52  Pylon  
  125  10:54  Pylon  
  125  10:57  Photon Cannon  
  125  10:59  Photon Cannon  
  125  11:02  Photon Cannon  
  125  11:05  Photon Cannon  
  125  11:06  Photon Cannon  
  125  11:07  Photon Cannon x2  
  125  11:13  Void Ray x2  
  133  11:37  Void Ray x2  
  133  11:39  Void Ray x2  
  149  11:48  Void Ray  
  149  11:56  Void Ray  
  157  12:15  Void Ray x2  
  157  12:21  Protoss Air Weapons Level 2  
  165  12:36  Void Ray  
  165  12:37  Void Ray  
  169  12:39  Void Ray  
  177  12:52  Void Ray  
  181  13:08  Pylon x2  
  181  13:11  Pylon  
  181  13:25  Void Ray  
  181  13:26  Tempest x2  
  195  13:41  Tempest  
Tags
 
Add a new tag
Caveats
  • Supply blocks, unpowered buildings, or Contaminate may cause inaccurate times.
  • Supply counts are checked every 10 seconds.